 Dungeon Crawl Stone Soup version 0.30.1 (webtiles) character file.

Game seed: 8527975542560371083

9674 spardeous the Nimble (level 11, -10/51 HPs)
             Began as a Felid Earth Elementalist on July 12, 2023.
             Was an Initiate of Gozag.
             Mangled by a centaur warrior simulacrum (18 damage)
             ... on level 11 of the Dungeon.
             The game lasted 00:31:05 (14900 turns).

spardeous the Nimble (Felid Earth Elementalist)    Turns: 14900, Time: 00:31:06

Health: -10/51     AC:  2    Str:  4    XL:     11   Next: 26%
Magic:  23/29      EV: 24    Int: 28    God:    Gozag
Gold:   1236       SH:  0    Dex: 16    Spells: 7/21 levels left
                                        Lives:  0   Deaths: 3

rFire   . .          .
                       - Unarmed
rCold   . . .        (shield unavailable)
rNeg    . . .        (body armour unavailable)
rPois   .            (helmet unavailable)
rElec   .            (cloak unavailable)
rCorr   .            (gloves unavailable)
SInv    +            (boots unavailable)
Will    +....        (no amulet)
Stlth   ++           f - +6 ring of intelligence
HPRegen 0.28/turn    x - ring of magical power
MPRegen 0.21/turn

%: no passive effects
@: quick
A: very small, claws 1, fangs 3, see invisible, speed 1, shaggy fur 2, stealthy
paws, no weapons or thrown items, no armour, multi-lived
a: Renounce Religion, Potion Petition, Call Merchant, Bribe Branch


You were on level 11 of the Dungeon.
You worshipped Gozag.
Gozag was most pleased with you.
You visited 2 branches of the dungeon, and saw 12 of its levels.

You collected 2145 gold pieces.
You spent 784 gold pieces at shops.
You paid 125 gold pieces to Gozag.

Inventory:

Jewellery
 b - a ring of flight
 d - a ring of poison resistance
 f - a +6 ring of intelligence (left paw)
 q - a ring of resist corrosion
 x - a ring of magical power (right paw)
 A - a ring of fire
 F - a ring of wizardry
 N - a ring of ice
Wands
 r - a wand of flame (23)
 E - a wand of light (15)
 G - a wand of roots (12)
 L - a wand of polymorph (5)
Scrolls
 c - 2 scrolls of silence {unknown}
 g - 2 scrolls of amnesia {unknown}
 i - 2 scrolls of teleportation {unknown}
 j - 4 scrolls of identify
 k - 3 scrolls of noise {unknown}
 l - a scroll of summoning {unknown}
 m - 2 scrolls of immolation {unknown}
 t - 5 scrolls of fear {unknown}
 u - 2 scrolls of enchant weapon
 y - a scroll of magic mapping
 C - a scroll of vulnerability {unknown}
 I - a scroll of blinking {unknown}
 K - a scroll of fog {unknown}
 M - a scroll of brand weapon {unknown}
 P - a scroll of enchant armour {unknown}
Potions
 a - a potion of magic
 e - 2 potions of berserk rage
 h - 6 potions of curing {unknown}
 n - 2 potions of attraction {unknown}
 o - 3 potions of invisibility {unknown}
 p - 3 potions of might
 s - a potion of mutation {unknown}
 v - 5 potions of heal wounds
 w - 3 potions of degeneration {unknown}
 z - 4 potions of haste {unknown}
 B - a potion of flight
 D - 3 potions of ambrosia {unknown}
 J - a potion of resistance {unknown}
 O - 2 potions of brilliance {unknown}
Miscellaneous
 H - a phantom mirror


   Skills:
 - Level 7.7 Fighting
 - Level 11.0 Dodging
 - Level 2.6 Stealth
 + Level 1.2 Unarmed Combat
 + Level 5.5 Spellcasting
 - Level 10.0 Conjurations
 + Level 4.7 Transmutations
 - Level 10.1 Earth Magic


You had 7 spell levels left.
You knew the following spells:

 Your Spells              Type           Power      Damage    Failure   Level
a - Sandblast             Erth           100%       2d20      1%          1
b - Stone Arrow           Conj/Erth      100%       3d13      1%          3
c - Statue Form           Tmut/Erth      32%        N/A       41%         6
d - Petrify               Tmut/Erth      49%        N/A       3%          4

Your spell library contained the following spells:

 Spells                   Type           Power      Damage    Failure   Level
 Passwall                 Tmut/Erth      40%        N/A       1%          2
 Slow                     Hex            28%        N/A       6%          1
 Confusing Touch          Hex            7%         N/A       19%         3
 Gell's Gravitas          Tloc           7%         N/A       19%         3
 Teleport Other           Tloc           7%         N/A       19%         3
 Vampiric Draining        Necr           7%         2d6       19%         3
 Conjure Ball Lightning   Conj/Air       17%        3x3d6     77%         6
 Dispersal                Tloc           3%         N/A       100%        6
 Plasma Beam              Fire/Air       3%         2x1d15    100%        6


Dungeon Overview and Level Annotations

Branches:
Dungeon (11/15)            Temple (1/1) D:5            Lair (0/5) D:11
    Orc (0/2) D:11

Altars:
Ashenzari
Cheibriados
Dithmenos
Elyvilon
Fedhas
Gozag
Hepliaklqana
Kikubaaqudgha
Makhleb
Nemelex Xobeh
Okawaru
Qazlal
Ru
Sif Muna
Trog
Uskayaw
Wu Jian
Xom
Yredelemnul
Zin
The Shining One

Shops:
D:1 :   D:2 ?   D:4 *

Annotations:
D:4 3 runed translucent doors, Fodor's ghost, amateur MiFi


Innate Abilities, Weirdness & Mutations

You have sharp claws.
You have razor-sharp teeth.
You have supernaturally acute eyesight. (SInv)
You cover ground quickly. (Speed+)
You are covered in thick fur. (AC +2)
Your paws help you pounce on unaware monsters.
You are incapable of wielding weapons or throwing items.
You cannot wear armour.
You gain extra lives every three experience levels.


Message History

The boulder beetle resists with significant effort.
Casting: Petrify (dangerous; 3% risk of failure)
Confirm with . or Enter, or press ? or * to list all spells.
Aiming: Petrify (dangerous; 3% risk of failure)
Press: ? - help, Shift-Dir - straight line, f/p - boulder beetle
Aim: a boulder beetle (chance to affect: 53%)
The boulder beetle is moving more slowly.
The boulder beetle stops moving altogether!
Casting: Petrify (dangerous; 3% risk of failure)
Confirm with . or Enter, or press ? or * to list all spells.
Aiming: Petrify (dangerous; 3% risk of failure)
Press: ? - help, Shift-Dir - straight line, f/p - boulder beetle
Aim: a boulder beetle (chance to affect: 53%)
The boulder beetle is moving more slowly.
The boulder beetle leaps!
You enter the shallow water.
Moving in this stuff is going to be slow.
Casting: Petrify (dangerous; 3% risk of failure)
Confirm with . or Enter, or press ? or * to list all spells.
Aiming: Petrify (dangerous; 3% risk of failure)
Press: ? - help, Shift-Dir - straight line, f/p - boulder beetle
Aim: a boulder beetle (chance to affect: 53%)
The boulder beetle is moving more slowly.
The boulder beetle stops moving altogether!
A centaur warrior simulacrum comes into view.
The centaur warrior simulacrum moves out of view.
The boulder beetle is no longer petrified.
The centaur warrior simulacrum hits you.
The centaur warrior simulacrum freezes you!!
The centaur warrior simulacrum kicks you.
The centaur warrior simulacrum freezes you!
* * * LOW HITPOINT WARNING * * *
The boulder beetle curls into a ball and begins rolling!
The centaur warrior simulacrum attacks as you move away!
The centaur warrior simulacrum misses you.
The centaur warrior simulacrum kicks you.
* * * LOW HITPOINT WARNING * * *
The centaur warrior simulacrum freezes you!!
You die...
Your body crumbles into a pile of gold.

.♣♣~~~♣♣.#....###.## #
.♣♣♣.♣♣♣♣#.#..###.##.#
♣♣♣♣~~♣♣♣♣♣........#.#
~♣♣~~.♣.♣~~#..###..#.####
~~.~~~~~~~...............
♣~♣..~~~♣♣~#.........###
♣♣♣♣~♣♣♣♣♣♣##..##..###
♣.♣♣~~♣..♣.....##..#
.#♣♣~♣♣♣.#####.Z@..#
.#♣P~♣♣....B.......#
##♣~.P♣....#######.# #
##.....#########.###########
####......................#
##.##################### ###


You could see a boulder beetle (rolling) and a centaur warrior simulacrum.

Vanquished Creatures
  Fannar (D:10)
  5 two-headed ogres
  Nergalle (D:10)
  A skeletal warrior (D:11)
  An orc knight (D:11)
  The ghost of FallenXxXSky the Carver, a novice HuMo (D:6)
  3 ugly things (D:11)
  A deep elf pyromancer (D:11)
  A manticore (D:11)
  A water nymph (shapeshifter) (D:11)
  Maggie (D:8)
  2 unseen horrors (D:11)
  A troll (D:10)
  Grinder (D:3)
  Sigmund (D:3)
  A shadow (D:7)
  A vampire (D:11)
  3 wyverns
  2 wraiths (D:11)
  10 yaks (D:9)
  A steam dragon (D:7)
  Menkaure (D:5)
  4 water moccasins
  3 acid dragons
  An orc warrior (D:10)
  An ice beast (D:6)
  3 sky beasts
  5 ogres
  8 centaurs
  A kobold brigand (D:4)
  3 bullfrogs
  A gnoll sergeant (D:10)
  2 scorpions (D:6)
  16 wights
  13 killer bees
  4 howler monkeys
  2 vampire bats (D:4)
  6 hounds
  Crazy Yiuf (D:2)
  8 orc priests
  Jessica (D:3)
  4 iguanas
  10 orc wizards
  9 gnolls
  6 adders
  A white imp (D:6)
  4 ufetubi
  3 worms
  4 dart slugs
  35 orcs
  2 ball pythons
  2 bat skeletons (D:4)
  5 bat zombies (D:4)
  13 endoplasms
  3 giant cockroaches
  16 goblins
  14 hobgoblins
  4 jackals (D:3)
  12 kobolds
  A quokka (D:2)
  5 bats
  A frilled lizard (D:3)
  5 rats
283 creatures vanquished.

Notes
Turn   | Place    | Note
-------+----------+-------------------------------------------
     0 | D:1      | spardeous the Felid Earth Elementalist began the quest for
                  | the Orb.
     0 | D:1      | Reached XP level 1. HP: 7/7 MP: 4/4
    55 | D:2      | Found an iron altar of Okawaru.
   179 | D:2      | Reached XP level 2. HP: 11/11 MP: 4/6
   499 | D:3      | Reached XP level 3. HP: 14/14 MP: 5/7
   522 | D:3      | Noticed Grinder
   557 | D:3      | Noticed Sigmund
   563 | D:3      | Found a stormy altar of Qazlal.
   760 | D:4      | Found a runed translucent gate.
   760 | D:4      | Found a runed translucent gate.
   760 | D:4      | Found a runed translucent gate.
   760 | D:4      | Noticed Fodor's ghost (amateur MiFi)
   761 | D:4      | Noticed a kobold brigand
   801 | D:4      | Reached XP level 4. HP: 18/18 MP: 6/8
   882 | D:4      | Noticed a kobold brigand
   887 | D:4      | Killed a kobold brigand
   888 | D:4      | Reached skill level 5 in Earth Magic
   888 | D:4      | Reached XP level 5. HP: 21/21 MP: 4/9
   910 | D:4      | Noticed a water moccasin
   952 | D:4      | Reached skill level 3 in Dodging
  1258 | D:4      | Killed a water moccasin
  1259 | D:4      | Reached skill level 4 in Dodging
  1259 | D:4      | Gained mutation: You are covered in thick fur. (AC +2)
                  | [Felid growth]
  1259 | D:4      | Reached XP level 6. HP: 18/24 MP: 5/10
  1355 | D:4      | Found Tauwnobapt's General Store.
  1575 | D:4      | Found an ancient bone altar of Kikubaaqudgha.
  1584 | D:4      | Reached skill level 5 in Dodging
  1911 | D:5      | Entered Level 5 of the Dungeon
  2011 | D:5      | Reached XP level 7. HP: 27/27 MP: 7/11
  2303 | D:5      | Reached skill level 6 in Dodging
  2952 | D:5      | Reached skill level 7 in Dodging
  2966 | D:5      | Learned a level 3 spell: Stone Arrow
  3000 | D:5      | Noticed Menkaure
  3172 | D:6      | Reached skill level 1 in Conjurations
  3176 | D:6      | Reached XP level 8. HP: 31/31 MP: 8/12
  3262 | D:6      | Slain by a killer bee
  3263 | D:6      | Reached XP level 7. HP: 0/27 MP: 8/11
  3480 | D:6      | Found a transporter.
  3481 | D:6      | Found a transporter.
  3481 | D:6      | Noticed FallenXxXSky's ghost (novice HuMo)
  3527 | D:6      | Reached skill level 8 in Dodging
  3559 | D:6      | Noticed a two-headed ogre
  3592 | D:6      | Killed a two-headed ogre
  3593 | D:6      | Reached skill level 9 in Dodging
  3593 | D:6      | Reached XP level 8. HP: 31/31 MP: 6/12
  4261 | D:7      | Reached XP level 9. HP: 19/34 MP: 9/13
  4435 | D:7      | Reached skill level 10 in Dodging
  4440 | D:7      | HP: 1/34 [steam dragon/ball of steam (15)]
  4441 | D:7      | Engulfed by a steam dragon's steam
  4442 | D:7      | Reached XP level 8. HP: -10/31 MP: 9/12
  4455 | D:7      | Reached skill level 5 in Conjurations
  4641 | D:7      | Identified the +5 long sword "Oxinos" {elec, Will- Str+2
                  | Dex+2 SInv}
  4859 | D:5      | Found a staircase to the Ecumenical Temple.
  4931 | D:5      | Found a glowing silver altar of Zin.
  5040 | Temple   | Entered the Ecumenical Temple
  5102 | Temple   | Became a worshipper of Gozag Ym Sagoz the Greedy
  5641 | D:1      | Found Wughib's Book Shop.
  6384 | D:2      | Found Yntoaw's Magic Scroll Shoppe.
  6387 | D:2      | Bought a scroll of identify for 28 gold pieces
  6390 | D:2      | Bought a scroll of identify for 28 gold pieces
  6427 | D:2      | Found a runed translucent door.
  6428 | D:2      | Noticed Crazy Yiuf
  6592 | D:2      | Killed Crazy Yiuf
  6688 | D:3      | Killed Grinder
  7088 | D:3      | Noticed Jessica
  7092 | D:3      | Killed Jessica
  7172 | D:3      | Killed Sigmund
  7227 | D:3      | Found a snail-covered altar of Cheibriados.
  7916 | D:5      | Killed Menkaure
  8091 | D:6      | Reached XP level 9. HP: 34/34 MP: 11/13
  8101 | D:6      | Reached skill level 11 in Dodging
  8290 | D:6      | Killed FallenXxXSky's ghost
  8816 | D:8      | Noticed Maggie
  8823 | D:8      | Killed Maggie
  8824 | D:8      | Reached skill level 10 in Earth Magic
  9303 | D:8      | Reached skill level 1 in Fighting
  9315 | D:8      | Reached XP level 10. HP: 40/40 MP: 4/14
 10640 | D:9      | Reached skill level 5 in Fighting
 11103 | D:1      | Bought The Histories of Mysteries, Part Six for 728 gold
                  | pieces
 11110 | D:1      | Learned a level 6 spell: Statue Form
 11347 | D:10     | Entered Level 10 of the Dungeon
 11435 | D:10     | Noticed Nergalle
 11500 | D:10     | Killed Nergalle
 11988 | D:10     | Reached XP level 11. HP: 43/48 MP: 13/15
 12116 | D:10     | Noticed Fannar
 12182 | D:10     | Killed Fannar
 12684 | D:11     | Noticed a skeletal warrior
 12752 | D:11     | Killed a skeletal warrior
 12926 | D:11     | Noticed a boulder beetle
 13028 | D:11     | Learned a level 4 spell: Petrify
 13453 | D:11     | Noticed a white ugly thing
 13453 | D:11     | Noticed a deep elf pyromancer
 13457 | D:11     | Noticed a two-headed ogre
 13475 | D:11     | Noticed a two-headed ogre
 13501 | D:11     | Killed a two-headed ogre
 13584 | D:11     | Reached skill level 10 in Conjurations
 13587 | D:11     | Noticed a two-headed ogre
 13600 | D:11     | Killed a two-headed ogre
 13659 | D:11     | Killed a deep elf pyromancer
 13733 | D:11     | Noticed a centaur warrior
 13758 | D:11     | Shot with an arrow by a centaur warrior
 13759 | D:11     | Reached XP level 10. HP: 0/48 MP: 18/25
 13772 | D:11     | Found a staircase to the Lair.
 13813 | D:11     | Noticed a white ugly thing
 13841 | D:11     | Killed a white ugly thing
 13849 | D:11     | Killed a white ugly thing
 14012 | D:11     | Noticed a two-headed ogre
 14022 | D:11     | Killed a two-headed ogre
 14140 | D:11     | Reached XP level 11. HP: 51/51 MP: 18/19
 14260 | D:11     | Found a staircase to the Orcish Mines.
 14275 | D:11     | Noticed a red ugly thing
 14285 | D:11     | Noticed an orc knight
 14380 | D:11     | Killed a red ugly thing
 14381 | D:11     | Reached skill level 5 in Spellcasting
 14525 | D:11     | Noticed a two-headed ogre
 14532 | D:11     | Killed a two-headed ogre
 14604 | D:11     | Noticed a boulder beetle
 14606 | D:11     | Killed an orc knight
 14748 | D:11     | Reached skill level 1 in Unarmed Combat
 14761 | D:11     | Noticed a skeletal warrior
 14900 | D:11     | Mangled by a centaur warrior simulacrum

Illustrated notes

Levels and vault maps discovered:
D:1:      minmay_arrival_split_and_join, layout_loops_cross, serial_shops, shop
D:2:      layout_rooms, serial_shops, nicolae_shop_rolled_up, basic_altar,
          minmay_split_cup_small, uniq_crazy_yiuf_cottage
D:3:      layout_loops_ring, mainiacjoe_overflow_large_starburst, minivault_19,
          uniq_jessica, uniq_sigmund, uniq_grinder
D:4:      layout_loops_ring, kennysheep_vampire_church,
          gammafunk_ghost_nasty_kobolds, serial_shops, shop
D:5:      corexii_shantytown, layout_cave_pools, zin_scriptorium,
          minmay_temple_entry_poolview, uniq_menkaure
D:6:      layout_basic, gammafunk_ghost_smash
D:7:      layout_rooms, hangedman_abyss_or_decor_stagger
D:8:      layout_basic, minivault_26, uniq_maggie
D:9:      layout_basic
D:10:     layout_rooms, minmay_gold_behind_fungi, uniq_nergalle, uniq_fannar
D:11:     minmay_the_grid_3x3 [minmay_the_grid_fan, minmay_the_grid_mess,
          minmay_the_grid_large_cup, minmay_the_grid_stretched_grid,
          minmay_the_grid_embedded, minmay_the_grid_zigzag_pyramid,
          minmay_the_grid_small_cups, minmay_the_grid_outer_circle,
          minmay_the_grid_prize_inner_circle], layout_basic, lair_entry_dummy,
          serial_bayou_crossing
Temple:   nicolae_temple_two_arcs

Skill      XL: |  1  2  3  4  5  6  7  8  9 10 11 |
---------------+----------------------------------+-----
Earth Magic    | 3 4 5 6 8 9 10 | 10.1
Dodging        | 4 5 9 11 | 11.0
Conjurations   | 3 5 7 9 10 | 10.0
Fighting       | 1 6 7 |  7.7
Spellcasting   | 4 5 |  5.5
Transmutations | 3 4 |  4.7
Unarmed Combat | 1 |  1.2
Stealth        | |  2.6

Action                     |  1- 3 |  4- 6 |  7- 9 | 10-12 || total
---------------------------+-------+-------+-------+-------++-------
  Melee: Unarmed           |     1 |     2 |       |     3 ||     6
         Bite              |     1 |       |       |     2 ||     3
         Punch             |       |       |       |     1 ||     1
   Cast: Sandblast         |    37 |    51 |   195 |   101 ||   384
         Stone Arrow       |       |       |    42 |   130 ||   172
         Petrify           |       |       |       |    11 ||    11
    Use: Scroll            |       |       |     4 |       ||     4
         Potion            |       |       |       |     6 ||     6
   Stab: Petrified         |       |       |       |     2 ||     2
 Armour: Skin              |       |     3 |     4 |     2 ||     9
  Dodge: Dodged            |     5 |    35 |   104 |    90 ||   234
